Workbook
Name cf: #REF!
Name w: [1]GALAXY!#REF!
Name к1: 'ALPINA-50%'!#REF!
Name к1: #REF!
Name к1: #REF!
Name к1: [2]GALAXY!#REF!
Name к1: 'GALAXY-50%'!#REF!
Name к1: #REF!
Name к1: #REF!
Name к1: #REF!
Name к1: #REF!
Name к1: [2]GALAXY!#REF!
Name к1: [1]GALAXY!#REF!
Name к2: 'ALPINA-50%'!#REF!
Name к2: #REF!
Name к2: #REF!
Name к2: [2]GALAXY!#REF!
Name к2: 'GALAXY-50%'!#REF!
Name к2: #REF!
Name к2: #REF!
Name к2: #REF!
Name к2: #REF!
Name к2: [2]GALAXY!#REF!
Name к2: [1]GALAXY!#REF!
Name Курс_юаня: '[3]SUPERJET NEW'!#REF!
Name Курс_юаня: '[4]SUPERJET NEW'!#REF!
Name Курс_юаня: '[5]SUPERJET NEW'!#REF!
Name курс1: 'ALPINA-50%'!#REF!
Name курс1: #REF!
Name курс1: #REF!
Name курс1: [2]GALAXY!#REF!
Name курс1: 'GALAXY-50%'!#REF!
Name курс1: #REF!
Name курс1: #REF!
Name курс1: #REF!
Name курс1: #REF!
Name курс1: [2]GALAXY!#REF!
Name курс1: [1]GALAXY!#REF!
Name курс2: 'ALPINA-50%'!#REF!
Name курс2: #REF!
Name курс2: #REF!
Name курс2: [2]GALAXY!#REF!
Name курс2: 'GALAXY-50%'!#REF!
Name курс2: #REF!
Name курс2: #REF!
Name курс2: #REF!
Name курс2: #REF!
Name курс2: [2]GALAXY!#REF!
Name курс2: [1]GALAXY!#REF!
Name курс3: #REF!
Name Скидка: 'ALPINA-50%'!#REF!
Name Скидка: #REF!
Name Скидка: #REF!
Name Скидка: [2]GALAXY!#REF!
Name Скидка: 'GALAXY-50%'!#REF!
Name Скидка: #REF!
Name Скидка: #REF!
Name Скидка: #REF!
Name Скидка: #REF!
Name Скидка: [2]GALAXY!#REF!

Sheet MUX-TA06A-50%
G1: +7 (495) 789-49-53 E-mail: office@directoria-moder.ru
B2: Кабинет руководителя MUX TA06A | G2: ='DAO-70%'!A1 -> 46272
B4: Распродажа | F4: Скидка до | G4: 0.5
A5: Код | B5: Артикул | C5: Наименование | D5: Размер | E5: Иллюстрация | F5: Розничная цена | G5: Цена для розницы со скидкой 50% | H5: Общий остаток*
A6: D0000024308 | B6: R203R | C6: Стол правый 2,1м. | D6: 2100*2040 *760 | E6: на фото правый стол( R ) | F6: 552021.96 | G6: =ROUND(F6*0.5,0) -> 276011 | H6: 4
A7: D0000024015 | B7: R206R | C7: Стол правый 2,6м. | D7: 2600*2040 *760 | E7: на фото левый стол( L ) | F7: 698471.52 | G7: =ROUND(F7*0.5,0) -> 349236 | H7: 1 в ТЦ Гранд
A8: D0000024312 | B8: RH110 | C8: Стол-брифинг 1м. | D8: 1000*1000 *760 | F8: 178636.68 | G8: =ROUND(F8*0.5,0) -> 89318 | H8: 2
A9: D0000024311 | B9: RH J60 | C9: Опора д/перег. Столов | D9: 600*130 *735 | F9: 57072.06 | G9: =ROUND(F9*0.5,0) -> 28536 | H9: 17
A10: D0000024315 | B10: RH1870P | C10: Столешница с передней панелью 1,8 м | D10: 1800*770*90 | F10: 96773.52 | G10: =ROUND(F10*0.5,0) -> 48387 | H10: 8
A11: D0000024316 | B11: RH9090P | C11: Столешница с передней панелью 0,9м. | D11: 900*900 *90 | F11: 80945.16 | G11: =ROUND(F11*0.5,0) -> 40473 | H11: 4
A12: D0000028440 | B12: MUX0520W | C12: Шкаф для одежды | D12: 540*470 *2080 | F12: 200838 | G12: =ROUND(F12*0.5,0) -> 100419 | H12: 5
A13: D0000027309 | B13: MUX1020WU | C13: Шкаф универсальный | D13: 1038*470 *2080 | F13: 276727.02 | G13: =ROUND(F13*0.5,0) -> 138364 | H13: 3 в резерве
A14: D0000026118 | B14: MU1990 | C14: Стол письменный (опоры по центру) 1,9 м. | D14: 1900*900 *760 | F14: 110086.56 | G14: =ROUND(F14*0.5,0) -> 55043 | H14: 7
A15: D0000027058 | B15: MU2195 | C15: Стол письменный (опоры по центру) Light 2,1 м. | D15: 2100*950 *760 | F15: 110086.56 | G15: =ROUND(F15*0.5,0) -> 55043 | H15: 6
A16: D0000026488 | B16: MUM1 | C16: Тумба подкатная c 3-мя ящиками Light | D16: 450*600 *650 | F16: 19436.1 | G16: =ROUND(F16*0.5,0) -> 9718 | H16: 11
A17: D0000037565 | B17: MU 054W | C17: Шкаф для одежды Light | D17: 540*422 *2200 | F17: 24002.64 | G17: =ROUND(F17*0.5,0) -> 12001 | H17: 14
A18: D0000024317 | B18: MU 054W | C18: Шкаф для одежды Light | D18: 540*422 *2200 | F18: 36697.56 | G18: =ROUND(F18*0.5,0) -> 18349 | H18: 1
A19: Перетяжка топов столов руководителя в другой цвет (складская кожа Stella) 20 000р.
A20: * Количество указано на дату формирования прайс-листа. Цена действительна до тех пор, пока позиция есть на складе.
E21: MUX TA06

Sheet MUX-TA05-50%
B1: ='DAO-70%'!A1 -> 46272 | D1: +7 (495) 789-49-53 E-mail: office@directoria -moder.ru
B4: MUX /TA05 ПАЛИСАНДР | C4: Скидка до | D4: 50 | E4: %
A6: Код | B6: 1.3.2.2.1 Столы - TA05-MUX | C6: Изображение элемента | D6: Розничная цена | E6: Цена для розницы со скидкой 50% | F6: Общий остаток*
A7: D0000025074 | B7: R203R (T) Стол / TA05 2100*2040*760* | D7: 274616 | E7: =ROUND(D7*0.5,0) -> 137308 | F7: 2
A8: D0000025076 | B8: RH124 (T) Стол для заседаний / TA05 2400*1100*760* | D8: 173693 | E8: =ROUND(D8*0.5,0) -> 86847 | F8: 1
A9: D0000010605 | B9: RH115 Стол для заседаний (TA05) 3500*1500*760 | D9: 345500.52 | E9: =ROUND(D9*0.5,0) -> 172750 | F9: 1
A10: D0000025072 | B10: MUX1260 (T) Стол журнальный / TA05 1200*600*450 | D10: 47441.22 | E10: =ROUND(D10*0.5,0) -> 23721 | F10: 1 в резерве
A11: D0000026674 | B11: RH J60 (T) Опора для переговорных столов / TA05 600*130*735 | D11: 28044.9 | E11: =ROUND(D11*0.5,0) -> 14022 | F11: 6
A12: D0000000157 | B12: RH1270P* Столешница (конечная) с передней панелью / TA05 1200*770*90* | D12: 21583.2 | E12: =ROUND(D12*0.5,0) -> 10792 | F12: 15
A13: D0000026595 | B13: RH1570P (T) Столешница с передней панелью / TA05 1500*770*90 | D13: 43616 | E13: =ROUND(D13*0.5,0) -> 21808 | F13: 2
A14: D0000027243 | B14: RH1870P (T) Столешница с передней панелью / TA05 1800*770*90* | D14: 40222.68 | E14: =ROUND(D14*0.5,0) -> 20111 | F14: 3
A15: D0000026459 | B15: RH9090P (T) Столешница с передней панелью / TA05 900*900*90 | D15: 39775.92 | E15: =ROUND(D15*0.5,0) -> 19888 | F15: 6
A16: D0000027249 | B16: MUX1020G (T) Шкаф для документов / TA05 1038*470*2080 | D16: 204652.8 | E16: =ROUND(D16*0.5,0) -> 102326 | F16: 2 в резерве
A17: D0000026465 | B17: RL309 (T) Шкаф-греденция / TA05 1600*470*760 | D17: 226061.58 | E17: =ROUND(D17*0.5,0) -> 113031 | F17: 2
A19: Код | B19: TA05-MUX LIGHT | C19: Изображение элемента | D19: Розничная цена | E19: Цена для Розницы со скидкой 50% | F19: Общий остаток*
A20: D0000017405 | B20: MU1990 (T) Стол письменный (ноги по центру) / TA05 1900*900*760* | D20: 110086.56 | E20: =ROUND(D20*0.5,0) -> 55043 | F20: 1
A21: D0000017407 | B21: MUM1 Тумба подкатная c 3-мя ящиками Light / TA05 450*600*650 (корпус черный, фасады ящиков - палисандр)* | D21: 16196.58 | E21: =ROUND(D21*0.5,0) -> 8098 | F21: 4
A22: D0000017408 | B22: MUM2 Тумба подкатная c 3-мя ящиками Light / TA05 900*420*650 (корпус черный, фасады ящиков - палисандр)* | D22: 16569.9 | E22: =ROUND(D22*0.5,0) -> 8285 | F22: 5
A23: D0000024785 | B23: MU90U Шкаф с деревянными дверками / TA05/ Kronospan 0190РЕ чёрный 900*400*2200 (без боковых панелей)* | D23: 26828.04 | E23: =ROUND(D23*0.5,0) -> 13414 | F23: 3
A25: Финальная цена действительно финальная, с нее нет дополнительных скидок!
A26: * Количество указано на дату формирования прайс-листа. Цена действительна до тех пор, пока позиция есть на складе.
C27: Подробнее на сайте, на странице кабинета | D27: MUX TA05

Sheet MONARCH-50%
B1: ='DAO Walnut-50%'!B1 -> 46272 | G1: +7 (495) 789-49-53 E-mail: office@directoria-moder.ru
C3: МОНАРХ / ТА07 | E3: Скидка | F3: 50 | G3: %
A4: Код | B4: № | C4: Наименование товаров | D4: ФОТО | E4: Розничная цена | F4: Цена для розницы со скидкой 50% | G4: Общий остаток*
A5: D0000026470 | B5: 1 | C5: MN-1695 Стол письменный 1600*850*800(тумба с права) | E5: 286871.94 | F5: =ROUND(E5*0.5,0) -> 143436 | G5: 1 в резерве
A6: D0000026436 | B6: =B5+1 -> 2 | C6: MN-LEG 5050 Опора для стола 500*500*775 | E6: 107577.05 | F6: =ROUND(E6*0.5,0) -> 53789 | G6: 21
A7: D0000023606 | B7: =B6+1 -> 3 | C7: MN-TOP 1412 Столешница прямая (средняя часть) 1400*1200*100 с кожан. вставка ТА202 | E7: 134005.56 | F7: =ROUND(E7*0.5,0) -> 67003 | G7: 11
A8: D0000024569 | B8: =B7+1 -> 4 | C8: MNG-138 Шкаф нижний 1404*503*925 | E8: 357984.2 | F8: =ROUND(E8*0.5,0) -> 178992 | G8: 8
A9: D0000026098 | B9: =B8+1 -> 5 | C9: MNV-100266 Корпус шкафа 1000*460*2662 | E9: 264623 | F9: =ROUND(E9*0.5,0) -> 132312 | G9: 16
A10: D0000025082 | B10: =B9+1 -> 6 | C10: MNB-485-266 L Панель боковая левая 485*213*2662 | E10: 116580.59 | F10: =ROUND(E10*0.5,0) -> 58290 | G10: 2
A11: D0000025083 | B11: =B10+1 -> 7 | C11: MNB-485-266 R Панель боковая правая 485*213*2662 | E11: 116580.59 | F11: =ROUND(E11*0.5,0) -> 58290 | G11: 2
A12: D0000025084 | B12: =B11+1 -> 8 | C12: MND-1421G L Дверца большая стекл. левая 489*19*1421 (петли слева) | E12: 37737.96 | F12: =ROUND(E12*0.5,0) -> 18869 | G12: 19
A13: D0000025085 | B13: =B12+1 -> 9 | C13: MND-1421G R Дверца большая стекл. правая 489*19*1421 (петли справа) | E13: 37737.96 | F13: =ROUND(E13*0.5,0) -> 18869 | G13: 1
A14: D0000026437 | B14: =B13+1 -> 10 | C14: MND-721 L Дверца малая дерев. левая 489*19*721 (петли слева) | E14: 29914.56 | F14: =ROUND(E14*0.5,0) -> 14957 | G14: 7
A15: D0000026438 | B15: =B14+1 -> 11 | C15: MND-721 R Дверца малая дерев. правая 489*19*721 (петли справа) | E15: 29914.56 | F15: =ROUND(E15*0.5,0) -> 14957 | G15: 11
A16: D0000026671 | B16: =B15+1 -> 12 | C16: MNK-2662 Пилястра 156*185*2662 | E16: 107297.27 | F16: =ROUND(E16*0.5,0) -> 53649 | G16: 18
C18: МОНАРХ / ТА07 | D18: Финальная цена со скидкой
A19: Код | B19: № | C19: Наименование товаров | D19: ФОТО | E19: Розничная цена | F19: Финальная цена со скидкой 50% для розницы | G19: Общий остаток*
A20: D0000023612 | B20: =B16+1 -> 13 | C20: MN-PAK Пилястра соед. для стола приемной / TA07 258*91*1350 * | E20: 22258.44 | F20: =0.5*E20 -> 11129.22 | G20: 3
A21: D0000024672 | B21: =B20+1 -> 14 | C21: MN-TOP 1010 (T) Столешница угловая / TA07 1000*1000*100 c кожан. вставка ТА202 (1/1ф) * | E21: 24153.6 | F21: =0.5*E21 -> 12076.8 | G21: 3
A22: D0000026676 | B22: =B21+1 -> 15 | C22: MN-TOP 1509 (T) Столешница прямая / TA07 1500*900*100 с кожан. вставкой ТА202 (1/1ф) * | E22: 43039.92 | F22: =0.5*E22 -> 21519.96 | G22: 5
A23: D0000016234 | B23: =B22+1 -> 16 | C23: MN-TOP 2409 Столешница прямая 2400*900*100 c кожан.вст.ТА202 (1/1ф) * | E23: 56017.38 | F23: =0.5*E23 -> 28008.69 | G23: 1
A24: D0000026460 | B24: =B23+1 -> 17 | C24: MNV-100266 W Корпус шкафа для одежды с дверями 1000*460*2662* | E24: 118057.86 | F24: =0.5*E24 -> 59028.93 | G24: 2
A25: D0000027286 | B25: =B24+1 -> 18 | C25: MNV-051266 Корпус шкафа 510*460*2662* | E25: 52681.98 | F25: =0.5*E25 -> 26340.99 | G25: 1
A26: D0000001710 | B26: =B25+1 -> 19 | C26: MN-097266 Корпус шкафа угловой / TA07 977*977*2662 (1/4,2/4ф,3/4ф,4/4) * | E26: 84580.44 | F26: =0.5*E26 -> 42290.22 | G26: 8
A27: D0000001718 | B27: =B26+1 -> 20 | C27: MND-1421W L Дверца большая дерев. Левая 489*19*1421 (петли слева)* | E27: 18627.24 | F27: =0.5*E27 -> 9313.62 | G27: 4
A28: D0000001719 | B28: =B27+1 -> 21 | C28: MND-1421W R Дверца большая дерев. правая 489*19*1421 (петли справа)* | E28: 18627 | F28: =0.5*E28 -> 9313.5 | G28: 4
A29: Финальная цена действительно финальная, с нее нет дополнительных скидок!
A30: *Количество указано на дату формирования прайс-листа. Цена действительна до тех пор, пока позиция есть на складе.
D31: Подробнее на сайте, на странице кабинета | E31: MONARCH

Sheet NEW INTER-50%
H1: ='DAO Walnut-50%'!B1 -> 46272 | I1: +7 (495) 789-49-53 E-mail: office@directoria-moder.ru
B2: Кабинет руководителя NEW INTER
B4: Нескладская программа (элементы в наличии на дату формирования прайса) | H4: Скидка до | I4: 0.5
A5: Код | B5: № | C5: Артикул | D5: Наименование | E5: Размер | F5: Иллюстрация | G5: Цвет и описание | H5: Розничная цена | I5: Цена со скидкой 50% для розницы | J5: Общий остаток*
A6: D0000026455 | B6: 1 | C6: IN-H | D6: Шкаф для холодильника | E6: 840*560*860 | G6: Массив. Шпон Американского ореха TA06B | H6: 201274.56 | I6: =ROUND(0.5*H6,0) -> 100637 | J6: 3
A7: D0000026449 | B7: =B6+1 -> 2 | C7: IN RE BL | D7: Боковая панель стола для приемной | E7: 870*68*1150 | G7: Массив. Шпон Американского ореха TA06B | H7: 60547.2 | I7: =ROUND(0.5*H7,0) -> 30274 | J7: 4
A8: D0000026450 | B8: =B7+1 -> 3 | C8: IN RE BR | D8: Боковая панель стола для приемной | E8: 870*68*1150 | G8: Массив. Шпон Американского ореха TA06B | H8: 60465.6 | I8: =ROUND(0.5*H8,0) -> 30233 | J8: 6
A9: D0000027252 | B9: =B8+1 -> 4 | C9: IN RE U2 | D9: Угловая секция стола для приемной | E9: 1202*1202*1150 | G9: Массив. Шпон Американского ореха TA06B | H9: 312035.34 | I9: =ROUND(0.5*H9,0) -> 156018 | J9: 4
A10: D0000027250 | B10: =B9+1 -> 5 | C10: IN RE 1 | D10: Секция стола для приемной | E10: 800*870*1150 | G10: Массив. Шпон Американского ореха TA06B | H10: 157278.9 | I10: =ROUND(0.5*H10,0) -> 78639 | J10: 11
A11: D0000027237 | B11: =B10+1 -> 6 | C11: IN RE 2 | D11: Секция стола для приемной | E11: 1600*870*1150 | G11: Массив. Шпон Американского ореха TA06B | H11: 245600.7 | I11: =ROUND(0.5*H11,0) -> 122800 | J11: 2
A12: D0000026469 | B12: =B11+1 -> 7 | C12: IN-PAK | D12: Пилястра соединительная (в комплект входят внешняя и внутренняя части) | E12: 96*37*745 | G12: Массив. Шпон Американского ореха TA06B | H12: 38205.12 | I12: =ROUND(0.5*H12,0) -> 19103 | J12: 12
A13: D0000026451 | B13: =B12+1 -> 8 | C13: IN-PAB1S | D13: Стол для совещаний (соед. элемент) | E13: 900*740*788 | G13: Массив. Шпон Американского ореха TA06B/черная кожа TA106 | H13: 92894.46 | I13: =ROUND(0.5*H13,0) -> 46447 | J13: 9
A14: D0000008190 | B14: =#REF!+1 -> #REF! | C14: IN-PAU | D14: Угловой элемент стола для совещаний | E14: 1040*1040*790 | G14: Массив. Шпон Американского ореха TA06B | H14: 140757.96 | I14: =ROUND(0.5*H14,0) -> 70379 | J14: 10
A15: D0000008196 | B15: =#REF!+1 -> #REF! | C15: IN-KS | D15: Угловой соединительный элемент для шкафов | E15: 140*140*2100 | G15: Шпон Американского ореха TA06B | H15: 33271.38 | I15: =ROUND(0.5*H15,0) -> 16636 | J15: 4
B16: Перетяжка топа IN-2210 в другой цвет (складская кожа Stella) 25 000р. Перетяжка остальных позиций 20 000 р. за ед.
B17: *Финальная цена действительна до тех пор, пока позиции есть на складе. Остаток указан на дату формирования прайс-листа.
B18: Товар не предназначен для продажи на маркетплейсах
E19: Подробнее на сайте, на странице кабинета | F19: NEW INTER

Sheet ALPINA-50%
B1: ='DAO-70%'!A1 -> 46272 | F1: +7 (495) 789-49-53 E-mail: office@directoria-moder.ru
B3: Орех Матовый 23YA в сочетании с белым матовым TA14
D5: Кабинет ALPINA Продажа только комплектом!
C7: Кабинет ALPINA | E7: Скидка до | F7: 0.5
A8: КОД | B8: № | C8: Наименование и артикул | D8: Размер | E8: Фото | F8: Розничная цена | G8: Цена для розницы со скидкой 50% | H8: Общий остаток*
A9: D0000046332 | B9: 1 | C9: Тумба приставная WYN0906 | D9: 920*600*650 | F9: 80772.78 | G9: =ROUND(F9*0.5,0) -> 40386 | H9: 1
A10: D0000046333 | B10: 2 | C10: Четырехдверный шкаф с 3 ящиками WYN2411C | D10: 2410*400*1100 | F10: 299969.76 | G10: =ROUND(F10*0.5,0) -> 149985 | H10: 2
A11: *Количество указано на дату формирования прайс-листа. Цена действительна до тех пор, пока позиция есть на складе.
D12: Подробнее на сайте, на странице кабинета | E12: ALPINA

Sheet PRIVILEGE-50%
B1: ='DAO-70%'!A1 -> 46272 | E1: +7 (495) 789-49-53 E-mail: office@directoria-moder.ru
B3: ПРИВИЛЕГИЯ / ТА20D | E3: Скидка до | F3: 0.5
A4: Код | B4: Наименование товаров | C4: ФОТО | D4: Розничная цена | E4: Цена для розницы со скидкой 50% | F4: Общий остаток*
A5: D0000000252 | B5: PV1680 Стол письменный 1600*800*780* | D5: 464518 | E5: =ROUND(D5*0.5,0) -> 232259 | F5: 1 в тц
A6: D0000016317 | B6: PV1260 Стол компьютерный / TA20D 1200*600*780 | D6: 397739 | E6: =ROUND(D6*0.5,0) -> 198870 | F6: 2
A7: D0000017139 | B7: PVT*Стол письменный, левый / TA20D/TA113 2900*1000*780 | D7: 539399.46 | E7: =ROUND(D7*0.5,0) -> 269700 | F7: 1
A8: D0000026725 | B8: PV-1270 Стол для аппаратуры / TA20D 1200*700*646 | D8: 358680.35 | E8: =ROUND(D8*0.5,0) -> 179340 | F8: 1
A9: D0000026662 | B9: PV-1790-2 Стол для аппаратуры / TA20D/TA113/ Тиснение 1706*900*800 | D9: 253533.24 | E9: =ROUND(D9*0.5,0) -> 126767 | F9: 1
A10: D0000016265 | B10: PV1410 Стол-брифинг TA20D/TA113 1400*1000*780 | D10: 203546.3 | E10: =ROUND(D10*0.5,0) -> 101773 | F10: 1
A11: D0000025224 | B11: PVGA Греденция с ящиком и 2 двер. / TA20D 830*500*920 | D11: 209315.73 | E11: =ROUND(D11*0.5,0) -> 104658 | F11: 8
A12: D0000024602 | B12: PVH Фригобар / TA20D 880*560*820 | D12: 159230.16 | E12: =ROUND(D12*0.5,0) -> 79615 | F12: 9
A13: D0000000244 | B13: PVH* Фригобар 880*560*820 | D13: 146717.82 | E13: =ROUND(D13*0.5,0) -> 73359 | F13: 1
A14: D0000026797 | B14: PV965050 Верхняя секция шкафа с карнизом 965*408*500 | D14: 85650.32 | E14: =ROUND(D14*0.5,0) -> 42825 | F14: 4
A15: D0000042486 | B15: PV965050 Верхняя секция шкафа с карнизом / TA20D / 965*408*500 | D15: 85650.32 | E15: =ROUND(D15*0.5,0) -> 42825 | F15: 12
A16: D0000026790 | B16: PV965200-B Корпус шкафа с полками 965*366*2000 | D16: 154170.04 | E16: =ROUND(D16*0.5,0) -> 77085 | F16: 18
A17: D0000025901 | B17: PVB173-250 L Стенка боковая для шкафа 173*435*2500 | D17: 150547.92 | E17: =ROUND(D17*0.5,0) -> 75274 | F17: =VLOOKUP(A17,[7]TDSheet!$A:$G,3,FALSE) -> 24
A18: D0000025902 | B18: PVB173-250 R Стенка боковая для шкафа 173*435*2500 | D18: 150547.92 | E18: =ROUND(D18*0.5,0) -> 75274 | F18: =VLOOKUP(A18,[7]TDSheet!$A:$G,3,FALSE) -> 20
A19: D0000026597 | B19: PVD-LW Дверцы деревян.маленькие 944*621*20, компл. 2 дверцы | D19: 74555.68 | E19: =ROUND(D19*0.5,0) -> 37278 | F19: =VLOOKUP(A19,[7]TDSheet!$A:$G,3,FALSE) -> 20
A20: D0000026978 | B20: PVD-MG Дверцы стеклян. большие 944*1250*20, компл. 2 дверцы | D20: 86520.17 | E20: =ROUND(D20*0.5,0) -> 43260 | F20: =VLOOKUP(A20,[7]TDSheet!$A:$G,3,FALSE) -> 15
A21: D0000032673 | B21: PVK2500 Пилястра промежуточная для шкафа (средняя) 173*200*2500 | D21: 90571.1 | E21: =ROUND(D21*0.5,0) -> 45286 | F21: =VLOOKUP(A21,[7]TDSheet!$A:$G,3,FALSE) -> 31
A22: D0000026977 | B22: PVD-HW (T) Дверцы деревянные / TA20D 944*1895*20, компл. * | D22: 146497.5 | E22: =ROUND(D22*0.5,0) -> 73249 | F22: =VLOOKUP(A22,[7]TDSheet!$A:$G,3,FALSE) -> 11
A23: D0000017161 | B23: PVD-MW Дверцы деревян.большие / TA20D 944*1250*20, компл. * | D23: 41451.78 | E23: =ROUND(D23*0.5,0) -> 20726 | F23: =VLOOKUP(A23,[7]TDSheet!$A:$G,3,FALSE) -> 1
A25: Код | B25: Наименование товаров | C25: ФОТО | D25: Розничная цена | E25: Финальная цена со скидкой 50% для розницы | F25: Общий остаток*
A26: D0000000261 | B26: PV160200* Балюстрада с задней стенкой 1600*366*2000 | D26: 136443.36 | E26: =ROUND(D26*0.5,0) -> 68222 | F26: 1
A27: D0000030462 | B27: PV435250 L Угловой корпус шкафа 435*435*2500 | D27: 111690 | E27: =ROUND(D27*0.5,0) -> 55845 | F27: 6
A28: D0000030463 | B28: PV435250 R Угловой корпус шкафа 435*435*2500 | D28: 111690 | E28: =ROUND(D28*0.5,0) -> 55845 | F28: 8
A29: D0000016335 | B29: PVKZ 2 Угловая пилястра для шкафа 156*156*2500* | D29: 46703.76 | E29: =ROUND(D29*0.5,0) -> 23352 | F29: 25
A30: D0000000258 | B30: PV120 FIR Каминная панель 1200*630*1200 | D30: 93091.32 | E30: =ROUND(D30*0.5,0) -> 46546 | F30: 5
A31: D0000018648 | B31: PV120 FIR Каминная панель TA20D 1200*630*1200 | D31: 99026.7 | E31: =ROUND(D31*0.5,0) -> 49513 | F31: 3
A32: D0000000259 | B32: PV120A Верхняя часть камин. панели 1200*408*1300 | D32: 84364.2 | E32: =ROUND(D32*0.5,0) -> 42182 | F32: 1
A33: D0000018649 | B33: PV120A Верхняя часть камин. панели TA20D 1200*408*1300 | D33: 72742.32 | E33: =ROUND(D33*0.5,0) -> 36371 | F33: 5
A34: D0000000239 | B34: PV10* Зеркало в деревян.раме 1000*77*1150 | D34: 46546.68 | E34: =ROUND(D34*0.5,0) -> 23273 | F34: 3
A35: D0000000240 | B35: PV16* Консоль 1600*400*920 | D35: 104533.68 | E35: =ROUND(D35*0.5,0) -> 52267 | F35: 2
A36: D0000016316 | B36: PVK8 Комод с 8 ящиками / TA20D 580*530*1330 * | D36: 87551.7 | E36: =ROUND(D36*0.5,0) -> 43776 | F36: 6
C37: Подробнее на сайте, на странице кабинета | D37: PRIVILEGE

Sheet DAO Walnut-50%
B1: ='DAO-70%'!A1 -> 46272 | H1: +7 (495) 789-49-53 E-mail: office@directoria-moder.ru
B2: Кабинет руководителя DAO Wanut (TA56A)
B4: Распродажа | G4: Скидка до | H4: 0.5
A5: Код | B5: № | C5: Артикул | D5: Наименование | E5: Размер | F5: Иллюстрация | G5: Цвет и описание | H5: Розничная цена | I5: Цена для розницы со скидкой 50% | J5: Общий остаток*
A6: D0000026782 | B6: 1 | C6: DA13 | D6: Конференц-приставка (DA22) | E6: 1280*800 *780 | G6: Шпон Африканского ореха TA56A (ТА23А) | H6: 193383.84 | I6: =ROUND(H6*0.5,0) -> 96692 | J6: 1
A7: D0000026785 | B7: =B6+1 -> 2 | C7: DA 41HM | D7: Стол для совещаний 3 метра. | E7: 3000*1700 *780 | G7: Шпон Африканского ореха TA56A (ТА23А) | H7: 1178890.5 | I7: =ROUND(H7*0.5,0) -> 589445 | J7: 1 в тц
A8: D0000026784 | B8: =B7+1 -> 3 | C8: DA17 | D8: Стол для совещаний ТА23A d1,7м. | E8: d1700*780 | G8: Шпон Африканского ореха TA56A (ТА23А) | H8: 566366.22 | I8: =ROUND(H8*0.5,0) -> 283183 | J8: 1 в тц
A9: D0000028306 | B9: =B8+1 -> 4 | C9: DA2223 | D9: Стеллаж, стенка зеркало | E9: 2200*400 *2300 | F9: БЕЗ СТЕКЛА! | G9: Шпон Африканского ореха TA56A (ТА23А) | H9: 295840.8 | I9: =ROUND(H9*0.5,0) -> 147920 | J9: 1
A10: D0000026067 | B10: =B9+1 -> 5 | C10: DA9020A | D10: Шкаф со стеклянными дверями | E10: 900*400 *2000 | G10: Шпон Африканского ореха TA56A (ТА23А) | H10: 221627.64 | I10: =ROUND(H10*0.5,0) -> 110814 | J10: 1
A11: D0000026068 | B11: =B10+1 -> 6 | C11: DA9020U | D11: Шкаф универсальный с деревянными дверями | E11: 900*400 *2000 | G11: Шпон Африканского ореха TA56A (ТА23А) | H11: 242684.52 | I11: =ROUND(H11*0.5,0) -> 121342 | J11: 8
A12: D0000046739 | B12: =B11+1 -> 7 | C12: DA1260 | D12: Cтол журнальный/ТА23А, | E12: 1200*600 *430 | F12: БЕЗ ПОЛКИ! | G12: Шпон Африканского ореха TA56A (ТА23А) | H12: 150199.08 | I12: =ROUND(H12*0.5,0) -> 75100 | J12: 4
A13: D0000027078 | B13: =B12+1 -> 8 | C13: DA9020A | D13: Шкаф с решетчатыми дверями | E13: 900*400 *2000 | G13: Шпон Африканского ореха TA56A (ТА23А) | H13: 260907.84 | I13: =ROUND(H13*0.5,0) -> 130454 | J13: 1
B14: Цены распродажи действуют до тех пор, пока позиции есть на складе.
B15: Перетяжка топов столов руководителя в другой цвет (складская кожа Stella) 20 000р.
B16: Товар не предназначен для продажи на маркетплейсах
E17: Подробнее на сайте, на странице кабинета | F17: DAO WALNUT

Sheet DAO-70%
A1: 46272 | D1: +7 (495) 789-49-53 E-mail: office@directoria-moder.ru
A2: Распродажа Кабинетов руководителя
E3: Коллекция DAO в модном освежающем цвете "Белый дуб"
E4: СКИДКА до 70%
A5: Код | B5: DAO TA10A (Белый дуб) - (возможен перекрас в Белый глянец TA14B за доп. плату) | C5: Фото | D5: Старая цена (розница) | E5: Цена для розницы со скидкой 70% | F5: Общий остаток*
A6: D0000008225 | B6: DK0979 Шкаф низкий/белый дуб 900*400*790 * | D6: 50842.92 | E6: =ROUND(D6*0.3,0) -> 15253 | F6: 5
A7: * Количество указано на дату формирования прайс-листа. Цена действительна до тех пор, пока позиция есть на складе.
B8: Подробнее на сайте, на странице кабинета | C8: DAO BUSINESS
D10: +7 (495) 755-77-07 E-mail: diler@directoria-moder.ru
E11: Коллекция DAO - аналог кабинета TAU итальянской фабрики Ultom в цвете эбони
E12: СКИДКА до 70%
A13: Код | B13: 1. DAO TA01A-TA01 (Эбони) (возможен перекрас в Белый глянец TA14B) | C13: Фото | D13: Розничная цена | E13: Цена для розницы со скидкой 70% | F13: Общий остаток*
A14: D0000027679 | B14: DA9020A (T) Шкаф со стеклянными дв. / ТА01A 900*400*2000 (1/4ф,2/4,3/4,4/4) * | D14: 79317.24 | E14: =ROUND(D14*0.3,0) -> 23795 | F14: 2
A15: Финальная цена действительно финальная, с нее нет дополнительных скидок!
A16: Цены указаны на остатки продукции на складе. При заказе новых изделий на фабрике цены пересчитываются. Общий остаток указан на дату формирования прайс-листа, его необходимо уточнять у менеджера
A17: На распродажные коллекции дополнительные скидки не распространяются
A18: Подробнее на сайте, на странице кабинета | C18: DAO EBONY TA01

Sheet Отдельные элементы
A1: ='DAO-70%'!A1 -> 46272 | D1: +7 (495) 789-49-53 E-mail: office@directoria-moder.ru
A2: Отдельные элементы коллекций | E2: СКИДКА до 50%
A3: Код | B3: 1.3.10 AVATAR | C3: Фото | D3: Розничная цена | E3: Цена для розницы со скидкой 50% | F3: Общий остаток*
A4: D0000045928 | B4: AV2897 (T) Шкаф низкий / TA23YA +paint RAL1013 / 2850*430*970 | D4: 496234.08 | E4: =D4*0.5 -> 248117.04 | F4: 1
A5: D0000023675 | B5: GALAXY CO-1820 Шкаф / TA23A 1800*400*2000 | D5: 77062.02 | E5: =D5*0.5 -> 38531.01 | F5: 1
A7: Код | B7: MEGA ALFA | C7: Фото | D7: Финальная цена со скидкой для Розницы и опта | E7: Общий остаток*
A8: D0000026133 | B8: MEGA ALFA MG23 Стол письменный / TA06 2300*1000*753 | D8: 61200 | E8: 1
A9: Финальная цена действительно финальная, с нее нет дополнительных скидок!
A10: *Количество указано на дату формирования прайс-листа. Цена действительна до тех пор, пока позиция есть на складе.
A12: Код | B12: 1.2.2.8 FOSTER | C12: Фото | D12: Розничная цена | E12: Цена для розницы со скидкой 50% | F12: Общий остаток*
A13: D0000046606 | B13: FOSTER FT1240 Шкаф для документов / TA21 / Серый / 1200*400*2200 | D13: 311038 | E13: =D13*0.5 -> 155519 | F13: 2
A14: D0000046605 | B14: FOSTER FT9040D Шкаф для документов / TA21 / Серый / 900*400*2200* | D14: 233167 | E14: =D14*0.5 -> 116583.5 | F14: 1
A15: D0000046604 | B15: FOSTER FT9040W Шкаф для одежды / TA21 / Серый / 900*400*2200 | D15: 233167 | E15: =D15*0.5 -> 116583.5 | F15: 2
A16: D0000044338 | B16: FOSTER FT4561 Тумба подкатная / TA06A / Серый / 450*550*610* | D16: 37969 | E16: =D16*0.5 -> 18984.5 | F16: 1
A17: D0000038339 | B17: FOSTER FT2412 Шкаф для документов / TA06 / Серый / 2020*400*1200* | D17: 207964 | E17: =D17*0.5 -> 103982 | F17: 1
A19: Код | B19: 1.2.1.6 ROMANO | C19: Фото | D19: Розничная цена | E19: Цена для розницы со скидкой 70% | F19: Общий остаток*
A20: D0000000280 | B20: PVPEGAGC (YB-108) Корзина для мусора / TA02 350*350*650 | D20: 57924.78 | E20: =D20*0.3 -> 17377.434 | F20: 1

Sheet KYU-11А-70%
B1: ='DAO-70%'!A1 -> 46272 | E1: +7 (495) 789-49-53 E-mail: office@directoria-moder.ru
E2: Коллекция KYU - аналог кабинета Kyo, итальянской фабрики Martex
D3: СКИДКА 70%
A4: Код | B4: KYU TA11A/TA12B | C4: Фото | D4: Старая цена (розница) | E4: Цена для розницы со скидкой 70% | F4: Общий остаток*
A5: D0000017424 | B5: KY 1215G Шкаф двухдверный, ручки кнопки / TA11A/TA12B 900*420*2200 | D5: 157063.68 | E5: =ROUND(D5*0.3,0) -> 47119 | F5: 1
A6: D0000028296 | B6: KY M45 (T) Тумба подкатная c 3-мя ящиками / TA11A/TA12B 450*550*500 * | D6: 60211.62 | E6: =ROUND(D6*0.3,0) -> 18063 | F6: 1
A7: D0000028295 | B7: KY1040 (T) Греденция / TA11A/TA12B 1000*420*695 | C7: Фасады черные, корпус эбони. | D7: 84249.96 | E7: =ROUND(D7*0.3,0) -> 25275 | F7: 1
A8: D0000028293 | B8: KY13 (T) Конференц-приставка / TA11A/TA12B 1300*750*750 | D8: 112143.9 | E8: =ROUND(D8*0.3,0) -> 33643 | F8: 1
A9: D0000028291 | B9: KY 18D (T) Стол письменный / TA11A/TA12B 1800*1000*750 * | D9: 85860.54 | E9: =ROUND(D9*0.3,0) -> 25758 | F9: 1
A10: D0000027266 | B10: KY 3416 (T) Стол для заседаний / TA11A/TA12B 3400*1600*750 10-12 человек. | C10: Внимание! Наличие стола необходимо уточнять. | D10: 175218.66 | E10: =ROUND(D10*0.3,0) -> 52566 | F10: 1
B11: Общий остаток указан на дату формирования прайс-листа, его необходимо уточнять у менеджера

Sheet KYU-зебрано-70%
B1: ='DAO-70%'!A1 -> 46272 | D1: +7 (495) 789-49-53 E-mail: office@directoria-moder.ru
E2: Коллекция KYU
B3: KYU в цвете зебрано TA17A + белый глянец TA14B | E3: СКИДКА до 70%
A4: Код | B4: Наименование товаров | C4: ФОТО | D4: Розничная цена | E4: Цена для розницы со скидкой 70% | F4: Общий остаток*
A5: D0000028297 | B5: KY M45 Тумба подкатная c 3-мя ящиками / TA17A/TA14B 450*550*500 | D5: 91378.74 | E5: =ROUND(D5*0.3,0) -> 27414 | F5: 3
A6: D0000028292 | B6: KY 8080 Стол журнальный / TA17A/TA14 800*800*470 | D6: 95852.46 | E6: =ROUND(D6*0.3,0) -> 28756 | F6: =VLOOKUP(A6,[8]Sheet1!$A$46:$J$65,3,FALSE) -> 1
A7: D0000018465 | B7: KY 2212 Стол для заседаний / TA17A/TA12 2200*1200*750 * | C7: Внимание у стола черные ноги | D7: 104393.94 | E7: =ROUND(D7*0.3,0) -> 31318 | F7: 1
A8: D0000026946 | B8: KY 1215G Шкаф двухдверный (стекл. фасад) / TA17A/TA14B 900*420*2200 | D8: 136752.42 | E8: =ROUND(D8*0.3,0) -> 41026 | F8: 4
A9: D0000024473 | B9: KYG2150 Греденция / TA17A/TA14B 2100*500*696 | D9: 205075.08 | E9: =ROUND(D9*0.3,0) -> 61523 | F9: 4
A10: D0000017838 | B10: KY 1265 Стол письменный / TA17 глянец 1200*650*750 * | D10: 123032.4 | E10: =ROUND(D10*0.3,0) -> 36910 | F10: 1
B11: Финальная цена действительно финальная, с нее нет дополнительных скидок!
B12: Цены указаны на остатки продукции на складе. При заказе новых изделий на фабрике цены пересчитываются. Общий остаток указан на дату формирования прайс-листа, его необходимо уточнять у менеджера
B13: На распродажные коллекции дополнительные скидки не распространяются
B14: Подробнее на сайте, на странице кабинета | D14: KYU TA17A

Sheet PARLIAMENT-90%
B1: ='DAO-70%'!A1 -> 46272 | D1: +7 (495) 789-49-53 E-mail: office@directoria-moder.ru
F2: Коллекция PARLAMENT
E3: СКИДКА до 70%
A4: Код | B4: PARLIAMENT в цвете махагон | C4: Фото | D4: Розничная цена | E4: Цена для розницы со скидкой 70% | F4: Кол-во*
A5: D0000029507 | B5: PA-2275 Стол письменный 2200*850*750 | D5: 140552 | E5: =D5*0.3 -> 42165.6 | F5: 5
A6: D0000026718 | B6: PA-1070 Брифинг приставка 1000*700*705 | D6: 52611 | E6: =D6*0.3 -> 15783.3 | F6: 1
A7: D0000026721 | B7: PA-6054 Стол журнальный 600*600*545 | D7: 26306 | E7: =D7*0.3 -> 7891.8 | F7: 1
A8: D0000026720 | B8: PA-8868TV Тумба под телевизор 880*460*685 | D8: 49467 | E8: =D8*0.3 -> 14840.1 | F8: 3
A9: Цены указаны на остатки продукции на складе на дату формирования прас-листа. При заказе новых изделий на фабрике цены пересчитываются. Общий остаток указан на дату формирования прайс-листа, его необходимо уточнять у менеджера
B10: На распродажные коллекции дополнительные скидки не распространяются
B11: Подробнее на сайте, на странице кабинета | D11: PARLIAMENT

Sheet NEW Inter-14С-90%
A1: ='DAO-70%'!A1 -> 46272 | D1: +7 (495) 789-49-53 E-mail: office@directoria-moder.ru
E2: Коллекция NEW INTER в белом цвете
E3: СКИДКА до 70%
A4: Код | B4: INTER TA14C (для перекраса подходит любой INTER) | C4: Фото | D4: Розничная цена | E4: Цена для розницы со скидкой 70% | F4: Общий остаток*
A5: D0000026448 | B5: IN-2221(2G+2W) (T) Шкаф 4-х дверный / TA14C 2230*422*2100 | D5: 155916.18 | E5: =ROUND(D5*0.3,0) -> 46775 | F5: 4
A6: D0000026443 | B6: IN-H (T) Шкаф для холодильника / TA14C 840*560*860 | D6: 51810.9 | E6: =ROUND(D6*0.3,0) -> 15543 | F6: 1
A7: D0000026887 | B7: IN-PAB1S Стол для совещаний соед. элемент / TA14C/TA113 900*740*788 * | D7: 46700.7 | E7: =ROUND(D7*0.3,0) -> 14010 | F7: 1
A8: D0000026889 | B8: IN-PAB2R Стол для совещаний (конечный элемент) / TA14C/TA113 1859*740*788 * | D8: 114512.34 | E8: =ROUND(D8*0.3,0) -> 34354 | F8: 1
A9: D0000026890 | B9: IN-PAB2S Стол для совещаний (соед. элемент) / TA14C/TA113 1800*740*788 * | D9: 86773.44 | E9: =ROUND(D9*0.3,0) -> 26032 | F9: 1
A10: D0000026891 | B10: IN-PAK Пилястра соед. для стола совещаний / TA14C 81*70*746 | D10: 22070.76 | E10: =ROUND(D10*0.3,0) -> 6621 | F10: 4
A11: D0000026892 | B11: IN-T Трибуна / TA14C 600*500*1080 * | D11: 137152 | E11: =ROUND(D11*0.3,0) -> 41146 | F11: 1
A12: Цены указаны на остатки продукции на складе. При заказе новых изделий на фабрике цены пересчитываются. *Общий остаток указан на дату формирования прайс-листа, его необходимо уточнять у менеджера
B13: На распродажные коллекции дополнительные скидки не распространяются
A14: Подробнее на сайте, на странице кабинета | C14: INTER TA14C

Sheet NEW Inter TA16G
B1: ='DAO-70%'!A1 -> 46272 | D1: +7 (495) 789-49-53 E-mail: office@directoria-moder.ru
E2: Коллекция INTER в TA16G и TA03 Скидка до 70%
A5: Код | B5: INTER TA14C (для перекраса подходит любой INTER) | C5: Фото | D5: Розничная цена | E5: Цена для розницы со скидкой 70% | F5: Общий остаток*
A6: D0000011510 | B6: IN-1321 Шкаф двухдверный / TA16G 1334*422*2100 Внимние! Иллюстрация приведена для понимания формы изделия | D6: 172509.54 | E6: =D6*0.3 -> 51752.862 | F6: 3
A7: D0000011511 | B7: IN-2021 Шкаф со стекляными и деревянными дверцами / TA16G 2030*422*2100 Внимние! Иллюстрация приведена для понимания формы изделия | D7: 531565 | E7: =D7*0.3 -> 159469.5 | F7: 1
A8: D0000000142 | B8: RL320-4G Шкаф 4-х дверный (Двери стеклянные) / TA03 2320*466*2180 * | D8: 417126 | E8: =D8*0.3 -> 125137.8 | F8: 2
B9: Финальная цена действительно финальная, с нее нет дополнительных скидок!
B10: Цены указаны на остатки продукции на складе. При заказе новых изделий на фабрике цены пересчитываются. Общий остаток указан на дату формирования прайс-листа, его необходимо уточнять у менеджера
B11: На распродажные коллекции дополнительные скидки не распространяются

Sheet BENTLEY-50%
B1: ='DAO-70%'!A1 -> 46272 | G1: +7 (495) 789-49-53 E-mail: office@directoria-moder.ru
B2: Кабинет Bentley
F3: Преодолейте стереотипы и представьте себе офис будущего: Пространство руководителя с персональной офисной атмосферой, лаконичным дизайном и изысканным вкусом. Так была создана офисная мебель для руководителей высшего звена — Bentley. Её девиз: Убрать все лишнее, сломать стереотипы, лаконично и умело создать модную атмосферу.
B4: RoseWood ТА55 | D4: microfiber leather
E10: СКИДКА до 50% | F10: Цвет: RoseWood TA55
A11: Код | B11: № | C11: Артикул | D11: Размер | E11: Фото | F11: Розничная цена | G11: Цена для розницы со скидкой 50% | H11: Общий остаток*
A12: D0000046958 | B12: 1 | C12: BL2410L | D12: W2400*D1000*H760 | F12: 1535814 | G12: =ROUND(F12*0.5,0) -> 767907 | H12: 2 в тц
A13: D0000046959 | B13: 2 | C13: BL2410R | D13: W2400*D1000*H760 | F13: 1535814 | G13: =ROUND(F13*0.5,0) -> 767907 | H13: 3
A14: D0000046330 | B14: 3 | C14: BLD2408 | D14: W2400*D500*H800 | F14: 670829.52 | G14: =ROUND(F14*0.5,0) -> 335415 | H14: 1 в тц

Sheet FRANKLIN-50%
B1: ='DAO-70%'!A1 -> 46272 | F1: +7 (495) 789-49-53 E-mail: office@directoria-moder.ru
E3: СКИДКА до 50%
B4: FRANKLIN, Цвет ТА 09В - Венге.
A5: Код | B5: № | C5: Наименование товаров | D5: ФОТО | E5: Розничная цена* | F5: Цена для розницы со скидкой 50% | G5: Общий остаток*
A6: D0000042428 | B6: 1 | C6: FRANKLIN FR1240 Стол журнальный / TA09B / 1200*600*400 | E6: 63843 | F6: =ROUND(0.5*E6,0) -> 31922 | G6: 5
A7: D0000043627 | B7: =B6+1 -> 2 | C7: FRС13 Брифинг приставка к столу FR2820 / TA09B /1300*840*760 | E7: 114465 | F7: =ROUND(0.5*E7,0) -> 57233 | G7: 1
A8: D0000043636 | B8: =B7+1 -> 3 | C8: FR54 Боковая приставка к столу / TA09B /1220*540*760 | E8: 81530 | F8: =ROUND(0.5*E8,0) -> 40765 | G8: 4
A9: D0000042423 | B9: =B8+1 -> 4 | C9: FRANKLIN FR4361 Тумба подкатная / TA09B / 430*549*610 | E9: 54897 | F9: =ROUND(0.5*E9,0) -> 27449 | G9: 2
A10: D0000042427 | B10: =B9+1 -> 5 | C10: FRANKLIN FR9020W Шкаф для одежды / TA09B / 900*420*2000 | E10: 169572 | F10: =ROUND(0.5*E10,0) -> 84786 | G10: 1
A11: D0000042426 | B11: =B10+1 -> 6 | C11: FRANKLIN FR9020G Шкаф для документов / TA09B / 900*420*2000 | E11: 163216 | F11: =ROUND(0.5*E11,0) -> 81608 | G11: 3
A12: D0000042429 | B12: =B11+1 -> 7 | C12: FRANKLIN FR4520 Шкаф для одежды / TA09B / 450х420х2000 | E12: 89968 | F12: =ROUND(0.5*E12,0) -> 44984 | G12: 3
A13: D0000043638 | B13: =B12+1 -> 8 | C13: FRANKLIN FR1361 Тумба подкатная / TA09B / 1300*549*610 | E13: 143781 | F13: =ROUND(0.5*E13,0) -> 71891 | G13: 1
A14: Финальная цена действительно финальная, с нее нет дополнительных скидок!
A15: Перетяжка топов столов руководителя и переговорных столов в другой цвет (складская кожа Stella) 17 500р.
A16: * Цена действительна до тех пор, пока позиция есть на складе.
C17: Подробнее на сайте, на странице кабинета | D17: FRANKLIN

Sheet SUPERJET TA60YA
B1: ='DAO-70%'!A1 -> 46272 | F1: +7 (495) 789-49-53 E-mail: office@directoria-moder.ru
B3: Кабинет SuperJet в тонировке TA60YA поставляется под заказ, позиции представленные ниже, имеются в наличии на складе. Цены на новые позиции - по запросу.
B4: SUPERJET / TA60YA Дуб жженый. Открытые поры
A5: Код | B5: Наименование товаров | C5: ФОТО | D5: Вес | E5: Объем | F5: Розничная цена* | G5: Цена для розницы со скидкой 50% | H5: Общий остаток*
A6: D0000043246 | B6: STJ121DX Стол письменный, правый / TA60YA / 2280*1300*740* | D6: 60 | E6: 0.25 | F6: 154177.08 | G6: =0.5*F6 -> 77088.54 | H6: 1
A7: D0000042756 | B7: SJT302 Тумба сервисная 1500*600*550* | D7: 97.85 | E7: 0.69 | F7: 104805 | G7: =0.5*F7 -> 52402.5 | H7: 9
A8: D0000042788 | B8: SJT401 Шкаф низкий 820*422*900* | D8: 48 | E8: 0.25 | F8: 81925.38 | G8: =0.5*F8 -> 40962.69 | H8: 6
A9: D0000042784 | B9: SJT402 Шкаф высокий с комбинированным наполнением 820*422*2060* | D9: 115 | E9: 0.28 | F9: 149755.38 | G9: =0.5*F9 -> 74877.69 | H9: 1
A10: D0000042785 | B10: STJ412 Шкаф с комбинированным наполнением / TA60YA / 1000*422*1600* | D10: 56 | E10: 0.35 | F10: 145201.08 | G10: =0.5*F10 -> 72600.54 | H10: 9
A12: SUPERJET / TA60YA (закрытые поры) Темно-коричневый оттенок.
A13: Код | B13: Наименование товаров | C13: ФОТО | D13: Вес | E13: Объем | F13: Финальная цена для розницы и сайтов | G13: Финальная цена со скидкой 44% | H13: Общий остаток*
A14: D0000036989 | B14: SJ-1560 (T) Шкаф для документов низкий 1500*600*537* | D14: 88 | E14: 0.7 | F14: 123852.48 | G14: =0.56*F14 -> 69357.389 | H14: =VLOOKUP(A14,[9]TDSheet!$A$9:$H$457,3,FALSE) -> 5
A15: Шкафы и тумбы: фасады - шпон, боковины, топ и внутренне наполнение - МДФ в премиальной серебристыой покраске. Фасады выполнены без внешних ручек и оcнащены системой Push-to-Open
A16: * Цена действительна до тех пор, пока позиция есть на складе. При заказе новых позиций на фабрике цены будут пересчитаны.
C17: Подробнее на сайте, на странице кабинета | D17: SUPERJET

Sheet GALAXY-50%
G1: +7 (495) 789-49-53 E-mail: office@directoria-moder.ru
A2: Кабинет руководителя Galaxy | I2: ='DAO-70%'!A1 -> 46272
C4: специальная техника обработки древесины с нанесением лака “открытые поры” | G4: 270*60*55mm
F5: Черная кожа
A9: Galaxy TA23YA | F9: Скидка до | H9: 0.5
A10: № | B10: Код | C10: Артикул | D10: Наименование | E10: Размер | F10: Фото | G10: Розничная цена* | H10: Цена для розницы со скидкой 50% | I10: Общий остаток*
A11: 2 | B11: D0000047133 | C11: GL1275 | D11: Брифинг-приставка 1200*900*750 | E11: 1200*900*750 | G11: 156542.46 | H11: =ROUND(0.5*G11,0) -> 78271 | I11: 2
A12: 3 | G12: Цена | H12: =ROUND(0.5*G12,0) -> #VALUE! | I12: 0
A13: 6 | B13: D0000047136 | C13: GL2820 | D13: Модульный высокий шкаф, в составе шкаф-гардероб и шкаф-картотека GL2820. | E13: 2800*420*2000 | G13: 602146.8 | H13: =ROUND(0.5*G13,0) -> 301073 | I13: 3
A14: 7 | B14: D0000047135 | C14: GL2820G | D14: Модульный высокий шкаф | E14: 2800*420*2000 | G14: 585795.18 | H14: =ROUND(0.5*G14,0) -> 292898 | I14: 4
A15: 8 | B15: D0000047137 | C15: GL3520G | D15: Модульный высокий шкаф | E15: 3500*420*2000 | G15: 737046.9 | H15: =ROUND(0.5*G15,0) -> 368523 | I15: 1
A16: Galaxy TA33YA
A17: 10 | B17: D0000046322 | C17: GL170408 | D17: Шкаф для документов | E17: 1752*400*800 | G17: 225159.9 | H17: =ROUND(0.5*G17,0) -> 112580 | I17: 1
C18: Подробнее на сайте: | E18: кабинет GALAXY
A19: * Цена действительна до тех пор, пока позиция есть на складе. Остатки даны на дату составления прайс-листа. При заказе новых позиций на фабрике цены будут пересчитаны.
A20: Товар не предназначен для продажи на маркетплейсах
